 Dungeon Crawl Stone Soup version 0.31-a0-4-gefa6de2278 (webtiles) character file.

Game seed: 9129554509673914099

1061 Zonian the Sneak (level 8, -1/33 (37) HPs)
             Began as a Vine Stalker Brigand on May 5, 2023.
             Was a Priest of Hepliaklqana.
             Slain by a wight
             ... wielding a +2 heavy scimitar
              (7 damage)
             ... on level 6 of the Dungeon.
             The game lasted 00:12:40 (5383 turns).

Zonian the Sneak (Vine Stalker Brigand)             Turns: 5383, Time: 00:12:41

HP:   -1/33 (37)    AC:  9    Str: 17    XL:     8   Next: 27%
MP:   0/9           EV: 12    Int: 11    God:    Hepliaklqana [***...]
Gold: 293           SH:  0    Dex: 15    Spells: 7/7 levels left

rFire   x . .        a - +3 dagger
rCold   + . .        (no shield)
rNeg    . . .        t - +3 ring mail {rPois}
rPois   +            (no helmet)
rElec   .            c - +0 cloak
rCorr   .            (no gloves)
SInv    .            (no boots)
Will    +....        (no amulet)
Stlth   +++          i - ring of flight
HPRegen 1.05/turn    u - ring of ice
MPRegen 0.11/turn

%: guardian spirit
@: flying, heavily drained
A: reduced essence, fangs 3, regeneration 1, magic shield, antimagic bite, no
potion heal 2
a: Renounce Religion, Recall Ancestor, Ancestor Identity, Transference


You were on level 6 of the Dungeon.
You worshipped Hepliaklqana.
Hepliaklqana was most pleased with you.
You visited 1 branch of the dungeon, and saw 6 of its levels.
You also visited: Ossuary.

You collected 293 gold pieces.

Inventory:

Hand Weapons
 a - a +3 dagger (weapon)
Missiles
 d - 22 poisoned darts (quivered)
 e - 3 curare-tipped darts
Armour
 b - a +0 robe
 c - a +0 cloak (worn)
 t - a +3 ring mail of poison resistance (worn)
Jewellery
 i - a ring of flight (left hand)
 u - a ring of ice (right hand)
 v - a ring of wizardry
 E - a ring of magical power
Wands
 F - a wand of mindburst (19)
Scrolls
 g - a scroll of enchant armour
 h - 9 scrolls of teleportation
 l - a scroll of enchant weapon
 m - 2 scrolls of amnesia
 p - a scroll of vulnerability
 r - 4 scrolls of fog
 s - 3 scrolls of poison
 w - a scroll of noise
 x - 3 scrolls of magic mapping
 y - a scroll of blinking {unknown}
 G - a scroll of brand weapon {unknown}
Potions
 f - 3 potions of attraction
 j - 8 potions of curing
 k - a potion of magic
 n - 5 potions of brilliance
 o - 2 potions of lignification
 q - 4 potions of ambrosia
 z - a potion of mutation
 A - a potion of haste
 B - a potion of berserk rage
 C - a potion of flight {unknown}
 D - a potion of might


   Skills:
 + Level 4.3 Fighting
 + Level 4.2 Short Blades
 - Level 3.2 Throwing
 + Level 3.6 Dodging
 + Level 7.5 Stealth
 - Level 0.6 Unarmed Combat


You had 7 spell levels left.
You didn't know any spells.
Your spell library contained the following spells:

 Spells                   Type           Power      Damage    Failure   Level
 Beastly Appendage        Tmut           0%         N/A       54%         1
 Magic Dart               Conj           0%         1d3       54%         1
 Call Imp                 Summ           0%         N/A       69%         2
 Wereblood                Tmut           0%         N/A       69%         2
 Call Canine Familiar     Summ           0%         N/A       89%         3
 Dazzling Flash           Conj/Hex       0%         N/A       89%         3
 Mephitic Cloud           Conj/Pois/Air  0%         N/A       89%         3
 Portal Projectile        Hex/Tloc       0%         N/A       89%         3
 Spider Form              Tmut/Pois      0%         N/A       89%         3
 Vhi's Electric Charge    Tloc/Air       0%         N/A       89%         3
 Leda's Liquefaction      Hex/Erth       0%         N/A       100%        4
 Summon Ice Beast         Ice/Summ       0%         N/A       100%        4
 Agony                    Necr           0%         N/A       100%        5
 Arcjolt                  Conj/Air       0%         1d10      100%        5
 Silence                  Hex/Air        0%         N/A       100%        5
 Summon Mana Viper        Hex/Summ       0%         N/A       100%        5
 Plasma Beam              Fire/Air       0%         2x1d11    100%        6
 Monstrous Menagerie      Summ           0%         N/A       100%        7


Dungeon Overview and Level Annotations

Branches:
Dungeon (6/15)             Temple (0/1) D:4         Ossuary (visited)

Altars:
Cheibriados
Dithmenos
Hepliaklqana
Kikubaaqudgha
Makhleb
Okawaru
Sif Muna
Uskayaw
Yredelemnul
The Shining One

Shops:
D:2 [


Innate Abilities, Weirdness & Mutations

Your life essence is reduced to manifest your ancestor. (-10% HP)
You have razor-sharp teeth.
Your natural rate of healing is unusually fast.
When hurt, damage is shared between your health and your magic reserves.
Your bite disrupts and absorbs the magic of your enemies.
Potions cannot restore your health.


Message History

The wight is heavily damaged.
The wight hits you with a +4 dagger.
You feel drained.
You barely miss the wight.
The wight is heavily damaged.
The wight hits you with a +4 dagger.
You barely miss the wight.
The wight is heavily damaged.
The wight barely misses you.
Unknown command.
You hit the wight but do no damage. Your bite misses the wight.
The wight is heavily damaged.
The wight barely misses you.
You hit the wight.
The wight is heavily damaged.
You hit the wight.
The wight is severely damaged.
The wight hits you with a +4 dagger.
You feel drained.
Unknown command.
You barely miss the wight. Your bite misses the wight.
The wight is severely damaged.
The wight hits you but does no damage.
You hit the wight. You bite the wight.
You destroy the wight!
Your life force feels restored.
Unknown command.
You hit the wight but do no damage.
The wight hits you with a +2 heavy scimitar!
You feel drained.
You closely miss the wight. Your bite misses the wight.
You barely miss the wight. The wight barely misses you.
You hit the wight. You bite the wight. You drain its power.
You feel invigorated.
The wight is heavily damaged.
Unknown command.
You closely miss the wight. You bite the wight, but do no damage.
The wight is heavily damaged.
The wight hits you with a +2 heavy scimitar!!
* * * LOW HITPOINT WARNING * * *
You feel drained.
You die...

#.##.## ..## .>....#
...# #.##..# #..#
#.##..# #..# #.##..#
#z.# #.##..# #).#
#.##[.# #..#
......###############..#
..###.##........@zz....#
..# #.##.#############.#
.####.##.# .# ....#.##.#
.# ......##)# .#
.#.......# .# .##.######
.# ###.# #.#


You could see 2 wights.

Vanquished Creatures
  A scorpion (D:5)
  2 wights (D:6)
  An orc priest (D:4)
  A hound (D:4)
  An iguana (D:5)
  An orc wizard (D:5)
  6 mummies (Ossuary)
  A gnoll (D:3)
  5 adders
  An ufetubus (D:5)
  A worm (D:2)
  4 orcs
  8 ball pythons
  6 bats
  9 endoplasms
  4 giant cockroaches
  7 goblins
  2 hobgoblins
  9 kobolds
  3 quokkas
  5 frilled lizards
  A gnoll skeleton (Ossuary)
  A goblin skeleton (Ossuary)
  A kobold skeleton (Ossuary)
  2 orc skeletons (Ossuary)
  7 rats
  10 rat skeletons (Ossuary)
100 creatures vanquished.

Vanquished Creatures (collateral kills)
  Sigmund (D:5)
  An ice beast (D:6)
  A wight (D:6)
  A hound (D:4)
  A jelly (D:4)
  7 mummies (Ossuary)
  2 gnolls (D:3)
  5 adders
  A white imp (D:5)
  A dart slug (D:3)
  8 orcs
  A ball python (D:3)
  3 bats (D:3)
  3 endoplasms
  2 quokkas (D:3)
  A frilled lizard (D:3)
  2 gnoll skeletons (Ossuary)
  A goblin (D:2)
  A goblin skeleton (Ossuary)
  4 kobolds
  A rat (D:3)
  A rat skeleton (Ossuary)
49 creatures vanquished.

Vanquished Creatures (others)
  2 battlemagi
2 creatures vanquished.

Grand Total: 151 creatures vanquished

Notes
Turn   | Place    | Note
-------+----------+-------------------------------------------
     0 | D:1      | Zonian the Vine Stalker Brigand began the quest for the
                  | Orb.
     0 | D:1      | Reached XP level 1. HP: 11/11 MP: 2/2
    72 | D:1      | Reached skill level 1 in Dodging
    72 | D:1      | Reached XP level 2. HP: 10/15 MP: 3/3
   339 | D:1      | Reached skill level 5 in Stealth
   622 | D:1      | Reached XP level 3. HP: 18/18 MP: 4/4
   846 | D:1      | Found a faded altar of an unknown god.
   851 | D:1      | Prayed at the altar of an unknown god.
   851 | D:1      | Became a worshipper of Hepliaklqana the Forgotten
   851 | D:1      | Reached * piety under Hepliaklqana
  1665 | D:2      | Found Romausi's Antique Armour Boutique.
  1836 | D:2      | Gained mutation: Your natural rate of healing is unusually
                  | fast. [Vine Stalker growth]
  1836 | D:2      | Reached XP level 4. HP: 20/20 MP: 5/5
  2280 | D:3      | Reached ** piety under Hepliaklqana
  2281 | D:3      | Remembered your ancestor WHOOHOO as a battlemage
  2383 | D:3      | Found a shadowy altar of Dithmenos.
  2506 | D:3      | Reached XP level 5. HP: 24/24 MP: 6/6
  2531 | D:3      | Found an ancient bone altar of Kikubaaqudgha.
  3263 | D:4      | Reached skill level 6 in Stealth
  3263 | D:4      | Reached XP level 6. HP: 26/28 MP: 7/7
  3302 | D:4      | Found a sand-covered staircase.
  3312 | Ossuary  | Entered an ossuary
  3571 | Ossuary  | Reached *** piety under Hepliaklqana
  3737 | D:4      | Reached XP level 7. HP: 32/32 MP: 8/8
  3744 | D:4      | Found a burning altar of Makhleb.
  3746 | D:4      | Found an iron altar of Okawaru.
  3780 | D:4      | Found a glowing golden altar of the Shining One.
  3780 | D:4      | Found a hide-covered altar of Uskayaw.
  3786 | D:4      | Found a snail-covered altar of Cheibriados.
  3786 | D:4      | Found a basalt altar of Yredelemnul.
  4243 | D:4      | Found a staircase to the Ecumenical Temple.
  4459 | D:5      | Entered Level 5 of the Dungeon
  4594 | D:5      | Noticed Sigmund
  4617 | D:5      | Killed Sigmund
  4721 | D:5      | Found a shimmering blue altar of Sif Muna.
  4887 | D:5      | Reached skill level 7 in Stealth
  5309 | D:6      | Gained mutation: You have razor-sharp teeth. [Vine Stalker
                  | growth]
  5309 | D:6      | Reached XP level 8. HP: 37/37 MP: 9/9
  5383 | D:6      | Slain by a wight

Illustrated notes

Levels and vault maps discovered:
D:1:      tarquinn_simple_flora_water_a, layout_basic,
          chequers_ecumenical_altar_lobes, chequers_serial_rivers_room_a,
          hex_medium
D:2:      layout_basic, serial_shops, shop, grunt_ministairs_11,
          roderic_lattice_a, minmay_misc_feat_enclosed
D:3:      layout_basic, mainiacjoe_overflow_concentric_impassable,
          nicolae_dithmenos_the_darkroom, minmay_misc_feat_encased,
          grunt_decor_arrowhead, st_stairs_8, minmay_joined_circles
D:4:      layout_gridville, grunt_temple_overflow_open, minitemple, temple_hall,
          nicolae_ossuary_entry_ruins
D:5:      layout_basic, tgw_sif, uniq_sigmund
D:6:      layout_loops_ring, nicolae_hepliaklqana_monster_ancestors,
          kennysheep_mini, hangedman_abyss_or_decor_stagger,
          grunt_decor_one_mirror

Skill      XL: |  1  2  3  4  5  6  7 |
---------------+----------------------+-----
Dodging        | 1 2 3 |  3.6
Short Blades   | 2 3 4 |  4.2
Stealth        | 5 6 7 |  7.5
Fighting       | 2 3 4 |  4.3
Throwing       | 2 3 |  3.2
Unarmed Combat | |  0.6

Action                     |  1- 3 |  4- 6 |  7- 9 || total
---------------------------+-------+-------+-------++-------
  Melee: Dagger            |    79 |   147 |    69 ||   295
         Bite              |    14 |    49 |    29 ||    92
         Punch             |       |     1 |       ||     1
  Throw: Dart              |       |       |     5 ||     5
 Invoke: Ancestor Identity |     1 |       |       ||     1
         Recall Ancestor   |       |     1 |       ||     1
         Ancestor Life: Ba |       |     1 |       ||     1
    Use: Scroll            |       |     5 |    15 ||    20
   Stab: Sleeping          |    13 |    14 |     2 ||    29
         Distracted        |       |       |     1 ||     1
 Armour: Robe              |    17 |    15 |       ||    32
         Ring mail         |       |     8 |    14 ||    22
  Dodge: Dodged            |    36 |    46 |    23 ||   105

Table legend: (Time is in decaauts)
 A = Elapsed time spent in this place.
 B = Non-inter-level travel time spent in this place.
 C = Inter-level travel time spent in this place.
 D = Time resting spent in this place.
 E = Time spent auto-exploring this place.
 F = Levels seen in this place.
 G = Mean time per level.
                   A        B        C        D        E       F      G
               +--------+--------+--------+--------+--------+-----+--------+
         Total |   5340 |   5175 |    165 |    416 |   3424 |   7 |  762.9 |
       Dungeon |   4943 |   4778 |    165 |    416 |   3273 |   6 |  823.8 |
       Ossuary |    396 |    396 |      0 |      0 |    151 |   1 |  396.0 |
               +--------+--------+--------+--------+--------+-----+--------+

Top non-repeatable levels by time:
     D:1: 1191 daAuts
     D:2: 1038 daAuts
     D:4: 1009 daAuts
     D:5: 829 daAuts
     D:3: 793 daAuts
 Ossuary: 396 daAuts
     D:6: 82 daAuts
